 Dungeon Crawl Stone Soup version 0.18-a0-1747-g18c4181 (webtiles) character file.

41 dobroeutro the Skirmisher (level 3, -4/24 HPs)
             Began as a Gargoyle Fighter on Apr 12, 2016.
             Slain by Natasha (5 damage)
             ... on level 2 of the Dungeon.
             The game lasted 00:01:25 (1078 turns).

dobroeutro the Skirmisher (Gargoyle Fighter)        Turns: 1078, Time: 00:01:25

Health: -4/24      AC: 10    Str: 20    XL:     3   Next: 52%
Magic:  3/3        EV:  7    Int:  8    God:
Gold:   39         SH:  9    Dex:  9    Spells: 0 memorised, 2 levels left

rFire  . . .     SeeInvis .     a - +0 flail
rCold  . . .     Gourm    .     b - +0 scale mail
rNeg   + . .     Faith    .     c - +0 shield
rPois  ∞         Spirit   .     (no helmet)
rElec  +         Dismiss  .     (no cloak)
rCorr  .         Reflect  .     (no gloves)
SustAt .         Harm     .     (no boots)
MR     .....                    (no amulet)
Stlth  +.........               (no ring)
                                j - ring of stealth

@: not resistant to hostile enchantments, very unstealthy
A: negative energy resistance 1, electricity resistance, unbreathing,
petrification resistance, rot immunity, AC +3
a: no special abilities


You were on level 2 of the Dungeon.
You were hungry.

You visited 1 branch of the dungeon, and saw 2 of its levels.

You collected 39 gold pieces.

Inventory:

Hand Weapons
 a - a +0 flail (weapon)
Armour
 b - a +0 scale mail (worn)
 c - a +0 shield (worn)
Jewellery
 j - a ring of stealth (left hand)
Scrolls
 e - a scroll of magic mapping {unknown}
 i - a scroll of teleportation {unknown}
 k - a scroll of enchant weapon {unknown}
 m - a scroll of remove curse {unknown}
Potions
 d - a potion of might
 g - a potion of berserk rage {unknown}
 l - a potion of lignification {unknown}
 n - a potion of agility {unknown}
 o - a potion of invisibility {unknown}
Comestibles
 f - a bread ration
 h - a slice of pizza


   Skills:
 + Level 3.8 Fighting
 + Level 2.4 Maces & Flails
 + Level 3.5 Armour
 + Level 3.8 Shields


You had 2 spell levels left.
You didn't know any spells.

Dungeon Overview and Level Annotations

Branches:
Dungeon (2/15)

Altars:
Pakellas

Annotations:
D:2 Jessica, Natasha


Innate Abilities, Weirdness & Mutations

You are resistant to torment.
Your stone body is resilient (AC +3).
You are immune to poison.
You resist negative energy.
You are resistant to electric shocks.
You can survive without breathing.
You are immune to petrification.
You are immune to rotting.


Message History

The crimson imp gestures.
The crimson imp blinks!
The quokka barely misses you. Natasha casts a spell at you.
You resist with significant effort.
Jessica gestures wildly while chanting.
Jessica blinks!
You hit Natasha.
Natasha is lightly wounded.
The quokka bites you but does no damage.
Natasha claws you.
* * * LOW HITPOINT WARNING * * *
You hit Natasha but do no damage. The quokka completely misses you.
Natasha claws you.
* * * LOW HITPOINT WARNING * * *
The quokka bites you but does no damage.
You completely miss Natasha. Natasha claws you but does no damage.
The quokka bites you.
* * * LOW HITPOINT WARNING * * *
Natasha claws you.
You die...

.............. ###....
............###
......... .........#....
........#...............
#.........##.........#..
#....@..#....###........
........5........##.....
#.....r#h.........#.....
#.#....@##..............
._......#.....####......
#.#$..%.......# #.#.#..
#..!...##........#.#<...
#...... #.....[.....#.#.
#......................#
#.......................
#.......#...............
#.......#####...........


You could see Natasha, a crimson imp, Jessica and a quokka.

Vanquished Creatures
  2 adders (D:2)
  A worm (D:2)
  A dart slug (D:1)
  A giant cockroach (D:1)
  A goblin (D:1)
  3 hobgoblins
  5 bats
  2 giant newts
  3 kobolds (D:1)
  2 rats
21 creatures vanquished.

Notes
Turn   | Place    | Note
--------------------------------------------------------------
     0 | D:1      | dobroeutro the Gargoyle Fighter began the quest for the Orb.
     0 | D:1      | Reached XP level 1. HP: 14/14 MP: 1/1
   242 | D:1      | Reached XP level 2. HP: 19/19 MP: 2/2
   659 | D:2      | Noticed Natasha
   665 | D:2      | Reached XP level 3. HP: 15/23 MP: 3/3
  1068 | D:2      | Found an oddly glowing altar of Pakellas.
  1069 | D:2      | Noticed Jessica
  1078 | D:2      | HP: 1/24 [quokka (3)]
  1078 | D:2      | Slain by Natasha

Vault maps used:
D:1:      kennysheep_arrival_forest
D:2:      lemuel_crystal_altar, uniq_natasha, uniq_jessica

Action                   || total
-------------------------++-------
Melee: Flail             ||    86
Armor: Scale mail        ||    74
Dodge: Dodged            ||    34
Block: Shield            ||    42
